 Dungeon Crawl Stone Soup version 0.20.1-1-g8b1a95d (webtiles) character file.

35832 Ladykiller69 the Cleaver (level 14, -6/111 HPs)
             Began as a Formicid Hunter on July 25, 2017.
             Was the Champion of Cheibriados.
             Engulfed by a cloud of flame (56 damage)
             ... on level 5 of the Lair of Beasts on July 26, 2017.
             The game lasted 00:59:01 (18245 turns).

Ladykiller69 the Cleaver (Formicid Hunter)         Turns: 18245, Time: 00:59:02

Health: -6/111     AC: 18    Str: 37    XL:     14   Next: 20%
Magic:  22/22      EV: 13    Int: 26    God:    Cheibriados [******]
Gold:   1594       SH: 12    Dex: 28    Spells: 13/13 levels left

rFire    x . .     SeeInvis +   a - +3 battleaxe
rCold    + . .     Gourm    .   r - +2 buckler
rNeg     . . .     Faith    .   Q - +0 plate armour
rPois    .         Spirit   .   (helmet unavailable)
rElec    .         Reflect  .   y - +1 cloak
rCorr    .         Harm     .   o - +2 pair of gloves
MR       +....                  K - +0 pair of boots
Stlth    ..........             (no amulet)
Regen    0.3/turn               S - ring of ice
MPRegen  0.2/turn               (no ring)

@: very slow
A: permanent stasis, dig shafts and tunnels, four strong arms, antennae 3, large
bone plates 1, agile 1
a: Dig, Shaft Self, Bend Time, Temporal Distortion, Slouch, Step From Time,
Renounce Religion


You were on level 5 of the Lair of Beasts.
You worshipped Cheibriados.
Cheibriados was exalted by your worship.
You were not hungry.

You visited 4 branches of the dungeon, and saw 20 of its levels.

You collected 1594 gold pieces.

Inventory:

Hand Weapons
 a - a +3 battleaxe (weapon)
 w - a +1 hand crossbow
 C - the +8 flail "Jemu" {crush, *Drain Int+6 Dex+4 Stlth+}
   (You found it on level 5 of the Dungeon)

   It inflicts extra damage upon your enemies.
   It affects your intelligence (+6).
   It affects your dexterity (+4).
   It causes draining when unequipped.
   It makes you more stealthy.
 X - a +3 scimitar of flaming
 Z - a +0 dire flail
Missiles
 d - 44 bolts
 u - 2 poisoned javelins (quivered)
 x - 7 javelins
Armour
 o - a +2 pair of gloves (worn)
 r - a +2 buckler (worn)
 y - a +1 cloak (worn)
 K - a +0 pair of boots (worn)
 L - a +0 chain mail of magic resistance
 Q - a +0 plate armour (worn)
Jewellery
 m - an uncursed ring of protection from cold
 D - an uncursed ring of protection from magic
 J - an uncursed ring of magical power
 M - an uncursed ring of resist corrosion
 S - a ring of ice (left hand)
Wands
 e - a wand of flame (33/48)
 B - a wand of confusion (34/48)
 F - a wand of digging (16/24)
 N - a wand of lightning (6/15)
 U - a wand of clouds (2/9)
 W - a wand of acid (6/15)
 Y - a wand of confusion (24/48)
Scrolls
 c - 2 scrolls of recharging
 h - 5 scrolls of remove curse
 k - 3 scrolls of amnesia
 q - 4 scrolls of enchant armour
 s - a scroll of magic mapping
 E - 3 scrolls of enchant weapon
 G - 2 scrolls of fog
 V - 3 scrolls of fear
Potions
 b - 4 potions of heal wounds
 j - 3 potions of mutation
 p - 2 potions of curing
 v - a potion of brilliance
 z - 2 potions of flight
 H - a potion of cancellation
 I - 4 potions of might
 O - 2 potions of magic
 T - 3 potions of ambrosia
Books
 t - a book of Ice

   Spells                             Type                      Level
   a - Ice Form                       Ice/Transmutation            4
   b - Metabolic Englaciation         Hexes/Ice                    5
   c - Ozocubu's Refrigeration        Ice                          6
   d - Bolt of Cold                   Conjuration/Ice              6
   e - Freezing Cloud                 Conjuration/Ice/Air          6
   f - Simulacrum                     Ice/Necromancy               6
Miscellaneous
 n - a fan of gales
Comestibles
 f - 13 bread rations
 g - 6 meat rations
 i - 3 chunks of flesh
 l - 7 royal jellies
 A - 24 fruits


   Skills:
 + Level 10.9 Fighting
 * Level 13.2 Axes
 + Level 10.2 Crossbows
 - Level 5.0 Armour
 - Level 5.0 Dodging
 - Level 1.2 Stealth
 - Level 2.6 Shields
 * Level 11.7 Invocations
 + Level 6.5 Evocations


You had 13 spell levels left.
You didn't know any spells.

Dungeon Overview and Level Annotations

Branches:
Dungeon (12/15)            Temple (1/1) D:5            Lair (5/6) D:8
 Shoals (0/4) Lair:4        Snake (0/4) Lair:3        Slime (0/5) Lair:5
    Orc (2/2) D:10
    Elf: Orc:2

Altars:
Ashenzari
Cheibriados
Dithmenos
Elyvilon
Fedhas
Gozag
Hepliaklqana
Kikubaaqudgha
Makhleb
Nemelex Xobeh
Okawaru
Qazlal
Ru
Trog
Uskayaw
Vehumet
Xom
Yredelemnul
Zin
The Shining One
Jiyva

Shops:
Orc:2 *

Portals:
Trove: D:11 (give +2 fire dragon scales)

Annotations:
D:4 1 runed door, 1 exclusion
D:8 1 transporter
D:9 1 runed door


Innate Abilities, Weirdness & Mutations

You cannot be hasted, slowed, berserked, paralysed or teleported.
You can dig through walls and to a lower floor.
Your four strong arms can wield two-handed weapons with a shield.
You have a pair of large antennae on your head. (SInv)
You are partially covered in large bone plates. (SH +4)
You are agile. (Dex +2)


Message History

Found 18 arrows.
You block the fire crab's attack. x2
You slice the fire crab!!
The fire crab is moderately wounded.
You block the fire crab's attack.
The fire crab claws you but does no damage.
You hit the fire crab but do no damage.
The fire crab is moderately wounded.
The fire crab barely misses you. You block the fire crab's attack.
You slash the fire crab!
The fire crab is severely wounded.
The fire crab breathes flames at you. The blast of flame misses you.
You slice the fire crab!!
You kill the fire crab!
Cheibriados appreciates the change of pace.
You are engulfed in blazing flames.
You are engulfed in blazing flames.
Ouch! That really hurt!
You die...

.......................
............#.##.#..P#P.
#.......................
.#..(......##.P.........
#.....(.....##..†.......
........................
......(.................
.....(.§#§P......#......
.......@§§P.....#....#.P
.......§§§§.........##.#
..(..####.§...##...###.#
..>.. ..##...#..#. ...
.... .##....... .....
..P . ...... ..... # (.
...$....... ..# .... ...


There were no monsters in sight!

Vanquished Creatures
  Nessos (Lair:4)
  A dire elephant (Lair:3)
  Harold (D:11)
  3 hydras
  The ghost of ThePrince the Grappler, a novice TrMo of Ru (D:9)
  A catoblepas (Lair:4)
  5 two-headed ogres
  Erica (Lair:2)
  A fire crab (Lair:5)
  A lindwurm (Lair:3)
  3 ugly things
  2 black mambas
  A centaur zombie (D:11)
  3 elephants (Lair:3)
  3 spiny frogs (Lair:4)
  2 rime drakes
  2 komodo dragons
  2 merfolk (Lair:4)
  4 polar bears
  8 blink frogs (Lair:4)
  4 hippogriffs
  A spriggan (D:9)
  16 yaks
  3 wyverns
  A steam dragon (D:12)
  2 humans (D:9)
  2 basilisks
  Grum (D:11)
  3 hungry ghosts
  2 wargs (D:10)
  4 nagas (Lair:3)
  2 soldier ants
  15 water moccasins
  5 porcupines
  A sky beast (D:9)
  6 black bears
  2 ice beasts
  4 orc warriors
  A necrophage (D:8)
  2 phantoms
  9 wolves
  2 ogres
  12 centaurs
  7 crocodiles
  A big kobold (D:11)
  21 bullfrogs
  A wyvern zombie (D:12)
  5 scorpions
  A water moccasin skeleton (D:5)
  15 wights
  15 killer bees
  6 howler monkeys
  A vampire bat (D:10)
  3 electric eels
  5 crimson imps
  A quasit (D:6)
  3 bullfrog zombies
  7 jellies
  Crazy Yiuf (D:3)
  2 bullfrog skeletons
  11 orc priests
  8 hounds
  9 orc wizards
  A centaur skeleton (D:5)
  5 iguanas
  14 worker ants
  2 hound zombies
  A howler monkey zombie (D:8)
  A worker ant zombie (D:10)
  15 adders
  7 gnolls (D:6)
  4 shadow imps
  11 oozes
  3 adder zombies
  4 worms
  3 dart slugs
  5 leopard geckos
  50 orcs
  9 giant cockroaches
  9 goblins
  19 hobgoblins
  4 jackals
  5 quokkas
  13 bats
  4 frilled lizards
  25 kobolds
  A leopard gecko skeleton (D:6)
  5 rats (D:1)
  3 fungi
  4 plants
496 creatures vanquished.

Vanquished Creatures (others)
  A porcupine (Lair:5)
  15 fungi
  5 plants
  17 toadstools
38 creatures vanquished.

Grand Total: 534 creatures vanquished

Notes
Turn   | Place    | Note
-------+----------+-------------------------------------------
     0 | D:1      | Ladykiller69 the Formicid Hunter began the quest for the Orb.
     0 | D:1      | Reached XP level 1. HP: 16/16 MP: 1/1
     2 | D:1      | Noticed a dwarf
     2 | D:1      | Noticed a demonspawn
     4 | D:1      | Noticed a formicid
     4 | D:1      | Noticed a tengu
     6 | D:1      | Noticed a troll
     6 | D:1      | Noticed an elf
     8 | D:1      | Noticed a merfolk
     8 | D:1      | Noticed a minotaur
    11 | D:1      | Noticed a spriggan
    11 | D:1      | Noticed a gargoyle
    13 | D:1      | Noticed a naga
    13 | D:1      | Noticed a human
    15 | D:1      | Noticed a halfling
    15 | D:1      | Noticed an ogre
    17 | D:1      | Noticed a vampire
    17 | D:1      | Noticed a vine stalker
    19 | D:1      | Noticed a draconian
    19 | D:1      | Noticed an octopode
    21 | D:1      | Noticed a ghoul
    21 | D:1      | Noticed a felid
    23 | D:1      | Noticed a centaur
    25 | D:1      | Noticed a demigod
   213 | D:1      | Reached XP level 2. HP: 23/23 MP: 2/2
   617 | D:1      | Reached XP level 3. HP: 22/28 MP: 3/3
   961 | D:2      | Reached XP level 4. HP: 29/34 MP: 4/4
  1082 | D:1      | Reached skill level 1 in Axes
  1082 | D:1      | Reached skill level 1 in Armour
  1327 | D:2      | Reached XP level 5. HP: 41/41 MP: 5/5
  1757 | D:2      | Reached skill level 2 in Axes
  1887 | D:2      | Reached XP level 6. HP: 45/47 MP: 6/6
  2333 | D:3      | Found a shimmering altar of Xom.
  2356 | D:3      | Found a shimmering altar of Xom.
  2359 | D:3      | Found a shimmering altar of Xom.
  2366 | D:3      | Found a shimmering altar of Xom.
  2366 | D:3      | Found a shimmering altar of Xom.
  2372 | D:3      | Found a shimmering altar of Xom.
  2372 | D:3      | Found a shimmering altar of Xom.
  2420 | D:3      | Found a shadowy altar of Dithmenos.
  2648 | D:3      | Found a runed door.
  2653 | D:3      | Noticed Crazy Yiuf
  2659 | D:3      | Killed Crazy Yiuf
  2927 | D:4      | Reached skill level 5 in Crossbows
  3129 | D:4      | Found a glowing silver altar of Zin.
  3135 | D:4      | Found a sacrificial altar of Ru.
  3140 | D:4      | Found a glowing golden altar of the Shining One.
  3238 | D:4      | Found a glowing golden altar of the Shining One.
  3238 | D:4      | Found a runed door.
  3238 | D:4      | Noticed an angel
  3359 | D:4      | Reached skill level 3 in Axes
  3359 | D:4      | Reached XP level 7. HP: 41/53 MP: 7/7
  3736 | D:5      | Entered Level 5 of the Dungeon
  4106 | D:5      | Found a staircase to the Ecumenical Temple.
  4119 | Temple   | Entered the Ecumenical Temple
  4124 | Temple   | Became a worshipper of Cheibriados the Contemplative
  4418 | D:5      | You fall through a shaft!
  4507 | D:5      | Reached skill level 4 in Axes
  4560 | D:5      | Reached XP level 8. HP: 51/61 MP: 8/8
  4588 | D:5      | Got a twisted flail
  5074 | D:6      | Found a sparkling altar of Nemelex Xobeh.
  5144 | D:6      | Reached * piety under Cheibriados
  5265 | D:6      | Reached skill level 5 in Fighting
  5493 | D:6      | Reached skill level 5 in Axes
  5750 | D:6      | Reached ** piety under Cheibriados
  5804 | D:6      | Reached XP level 9. HP: 23/68 MP: 9/9
  6538 | D:7      | Reached skill level 6 in Axes
  6565 | D:7      | Noticed a hippogriff
  6575 | D:7      | Killed a hippogriff
  6788 | D:7      | Found a basalt altar of Yredelemnul.
  6843 | D:7      | Reached *** piety under Cheibriados
  6849 | D:7      | Reached skill level 5 in Armour
  6849 | D:7      | Reached skill level 5 in Dodging
  7084 | D:7      | Reached skill level 7 in Axes
  7278 | D:8      | Noticed a two-headed ogre
  7285 | D:8      | You fall through a shaft!
  7285 | D:9      | Found a hide-covered altar of Uskayaw.
  7622 | D:8      | Noticed a two-headed ogre
  7632 | D:8      | Killed a two-headed ogre
  7632 | D:8      | Reached skill level 8 in Axes
  7632 | D:8      | Reached XP level 10. HP: 23/79 MP: 10/10
  7917 | D:8      | Found a blossoming altar of Fedhas.
  7930 | D:8      | Killed a two-headed ogre
  8028 | D:8      | Reached skill level 9 in Axes
  8040 | D:8      | Reached skill level 1 in Invocations
  8381 | D:8      | Found a transporter.
  8501 | D:8      | Found a staircase to the Lair.
  8760 | D:9      | Reached **** piety under Cheibriados
  8801 | D:9      | Found an iron altar of Okawaru.
  8824 | D:9      | Noticed ThePrince's ghost (novice TrMo)
  8825 | D:9      | Gained mutation: You are partially covered in large bone plates. (SH +4) [potion of mutation]
  8825 | D:9      | Gained mutation: You are agile. (Dex +2) [potion of mutation]
  8845 | D:9      | Killed ThePrince's ghost
  8845 | D:9      | Reached XP level 11. HP: 34/86 MP: 10/14
  9070 | D:9      | Found a runed door.
  9076 | D:9      | Found a runed door.
  9236 | D:9      | Found a shattered altar of Ashenzari.
  9315 | D:9      | Noticed a two-headed ogre
  9325 | D:9      | Killed a two-headed ogre
  9325 | D:9      | Reached skill level 10 in Axes
  9325 | D:9      | Reached skill level 5 in Invocations
  9701 | D:10     | Entered Level 10 of the Dungeon
  9945 | D:10     | Reached ***** piety under Cheibriados
 10389 | D:10     | Found a staircase to the Orcish Mines.
 10682 | D:10     | Noticed a two-headed ogre
 10689 | D:10     | Killed a two-headed ogre
 11074 | Orc:1    | Entered Level 1 of the Orcish Mines
 11094 | Orc:1    | Reached ****** piety under Cheibriados
 11110 | Orc:1    | Reached skill level 1 in Evocations
 11364 | Orc:2    | Entered Level 2 of the Orcish Mines
 11364 | Orc:2    | Found Baxuash's General Store.
 11364 | Orc:2    | Noticed an orc warlord
 11364 | Orc:2    | Noticed an orc high priest
 11364 | Orc:2    | Noticed an orc high priest
 11430 | D:11     | Reached XP level 12. HP: 90/94 MP: 17/17
 11481 | D:11     | Noticed Grum
 11494 | D:11     | Killed Grum
 11564 | D:11     | Identified the +8 flail "Jemu" {crush, *Drain Int+6 Dex+4 Stlth+} (You found it on level 5 of the Dungeon)
 11635 | D:11     | Reached skill level 11 in Axes
 11702 | D:11     | Noticed Harold
 11712 | D:11     | Killed Harold
 11876 | D:11     | Found a glowing golden altar of the Shining One.
 11957 | D:11     | Found a portal to a secret trove of treasure.
 12383 | D:11     | Found a blossoming altar of Fedhas.
 12784 | D:12     | Noticed a two-headed ogre
 12789 | D:12     | Killed a two-headed ogre
 12813 | D:12     | Found a snail-covered altar of Cheibriados.
 13214 | Lair:1   | Entered Level 1 of the Lair of Beasts
 13615 | Lair:1   | Got a crude scale mail
 13626 | Lair:1   | Identified the +5 scale mail of the Blizzard {MR++ Dex+5 Slay-4} (You found it on level 1 of the Lair of Beasts)
 14020 | Lair:2   | Noticed Erica
 14029 | Lair:2   | Killed Erica
 14029 | Lair:2   | Reached skill level 12 in Axes
 14029 | Lair:2   | Reached XP level 13. HP: 99/103 MP: 20/20
 14386 | Lair:2   | Reached skill level 10 in Fighting
 15121 | Lair:3   | Found a staircase to the Snake Pit.
 15143 | Lair:3   | Reached skill level 10 in Invocations
 15297 | Lair:3   | Noticed a five-headed hydra
 15304 | Lair:3   | Killed a one-headed hydra
 15891 | Lair:3   | Found a runed door.
 15933 | Lair:3   | Reached skill level 1 in Shields
 15933 | Lair:3   | Reached skill level 5 in Evocations
 16233 | Lair:3   | Noticed a dire elephant
 16244 | Lair:3   | Killed a dire elephant
 17110 | Lair:4   | Found a staircase to the Shoals.
 17119 | Lair:4   | Noticed Nessos
 17122 | Lair:4   | Killed Nessos
 17155 | Lair:4   | Noticed a five-headed hydra
 17162 | Lair:4   | Killed a five-headed hydra
 17288 | Lair:4   | Reached skill level 10 in Crossbows
 17502 | Lair:4   | Noticed an eight-headed hydra
 17511 | Lair:4   | Killed a five-headed hydra
 17511 | Lair:4   | Reached skill level 13 in Axes
 17511 | Lair:4   | Reached XP level 14. HP: 95/111 MP: 22/22
 17994 | Lair:5   | Found a viscous altar of Jiyva.
 17995 | Lair:5   | Found a staircase to the Slime Pits.
 18245 | Lair:5   | Engulfed by a cloud of flame

Skill      XL: |  1  2  3  4  5  6  7  8  9 10 11 12 13 |
---------------+----------------------------------------+-----
Dodging        | 2 3 4 5 |  5.0
Fighting       | 3 4 5 7 8 9 10 | 10.9
Axes           | 1 2 3 4 5 8 9 10 12 13 | 13.2
Armour         | 1 2 3 4 5 |  5.0
Crossbows      | 5 7 8 9 10 | 10.2
Invocations    | 4 7 9 11 | 11.7
Evocations     | 1 4 6 |  6.5
Shields        | 2 |  2.6
Stealth        | |  1.2

Action                   |  1- 3 |  4- 6 |  7- 9 | 10-12 | 13-15 || total
-------------------------+-------+-------+-------+-------+-------++-------
Melee: Short sword       |    66 |       |       |       |       ||    66
       War axe           |    25 |   119 |   321 |   246 |       ||   711
       Battleaxe         |       |       |       |   204 |   243 ||   447
       Scimitar          |       |       |       |       |     8 ||     8
       Dire flail        |       |       |       |       |     2 ||     2
 Fire: Hand crossbow     |     8 |    37 |   139 |   274 |   109 ||   567
Throw: Javelin           |       |       |       |       |     5 ||     5
Invok: Bend Time         |       |       |     4 |     1 |       ||     5
       Slouch            |       |       |       |       |     1 ||     1
 Abil: Dig               |     2 |       |     4 |     6 |     4 ||    16
       Shaft Self        |       |       |     1 |       |       ||     1
Evoke: Wand              |       |       |     2 |     5 |     1 ||     8
       Fan of gales      |       |       |       |       |     1 ||     1
  Use: Scroll            |       |       |    10 |     7 |     6 ||    23
       Potion            |       |       |       |     7 |     2 ||     9
 Stab: Sleeping          |     1 |     1 |       |       |       ||     2
  Eat: Chunk             |       |     8 |    10 |    18 |     8 ||    44
       Royal jelly       |       |       |     1 |       |       ||     1
Armor: Leather armour    |    19 |    49 |     3 |       |       ||    71
       Scale mail        |       |       |   112 |       |       ||   112
       Chain mail        |       |       |    90 |    24 |       ||   114
       Plate armour      |       |       |       |   210 |   106 ||   316
       Skin              |       |       |       |     2 |    11 ||    13
Dodge: Dodged            |    86 |    91 |   214 |   295 |   120 ||   806
Block: Other             |       |       |       |    72 |     6 ||    78
       Buckler           |       |       |       |       |   116 ||   116
